 Dungeon Crawl Stone Soup version 0.26-a0-682-g294304f6e8 (webtiles) character file.

Game seed: 8052361487971215168

25 Kinoniko the Skirmisher (level 3, -3/40 HPs)
             Began as an Ogre Fighter on Oct 20, 2020.
             Slain by a kobold (4 damage)
             ... on level 2 of the Dungeon.
             The game lasted 00:00:48 (569 turns).

Kinoniko the Skirmisher (Ogre Fighter)               Turns: 569, Time: 00:00:48

Health: -3/40      AC:  3    Str: 20    XL:     3   Next: 4%
Magic:  3/3        EV:  8    Int:  9    God:
Gold:   27         SH:  8    Dex:  9    Spells: 2/2 levels left

rFire    . . .     SeeInvis .   a - +0 trident
rCold    . . .     Faith    .   c - +0 kite shield
rNeg     . . .     Spirit   .   b - +0 robe
rPois    .         Reflect  .   (helmet restricted)
rElec    .         Harm     .   (no cloak)
rCorr    .         Rampage  .   (gloves unavailable)
MR       .....                  (boots unavailable)
Stlth    +.........             (no amulet)
HPRegen  0.13/turn              (no ring)
MPRegen  0.08/turn              (no ring)

@: mighty
A: large, unfitting armour, tough skin 1
a: no special abilities


You were on level 2 of the Dungeon.
You visited 1 branch of the dungeon, and saw 2 of its levels.

You collected 27 gold pieces.

Inventory:

Hand Weapons
 a - a +0 trident (weapon)
Armour
 b - a +0 robe (worn)
 c - a +0 kite shield (worn)
Scrolls
 e - a scroll of identify {unknown}
 f - a scroll of enchant weapon {unknown}
 g - a scroll of teleportation {unknown}
Potions
 d - 2 potions of might
 h - a potion of degeneration {unknown}


   Skills:
 + Level 4.4 Fighting
 * Level 2.5 Polearms
 - Level 2.6 Dodging
 + Level 3.1 Shields


You had 2 spell levels left.
You didn't know any spells.
Your spell library was empty.

Dungeon Overview and Level Annotations

Branches:
Dungeon (1/15)

Altars:
Ashenzari


Innate Abilities, Weirdness & Mutations

You are too large for most types of armour.
You have tough skin. (AC +1)


Message History

You block the hobgoblin's attack. The kobold hits you but does no damage.
You feel very mighty all of a sudden. The hobgoblin misses you.
The kobold hits you.
* * * LOW HITPOINT WARNING * * *
You closely miss the kobold. The kobold barely misses you.
The hobgoblin hits you but does no damage.
The kobold hits you.
* * * LOW HITPOINT WARNING * * *
The hobgoblin barely misses you.
Your shield prevents you from hitting the hobgoblin.
The hobgoblin is heavily wounded.
The kobold hits you.
* * * LOW HITPOINT WARNING * * *
The hobgoblin hits you but does no damage.
You barely miss the kobold. You block the kobold's attack.
The hobgoblin closely misses you.
You puncture the hobgoblin!
You kill the hobgoblin!
The kobold hits you.
You die...

#.........#
#.........#
#.........#
#...(.....#
#.........#
#.........#
#..)......#
#..@K.._..#
#.†.......#
##......$..
#########.


You could see a kobold.

Vanquished Creatures
  A worm (D:2)
  2 dart slugs (D:1)
  A bat (D:1)
  A giant cockroach (D:1)
  A goblin (D:1)
  A hobgoblin (D:2)
  4 jackals (D:1)
  A kobold (D:1)
  2 frilled lizards (D:1)
  3 rats (D:1)
17 creatures vanquished.

Notes
Turn   | Place    | Note
-------+----------+-------------------------------------------
     0 | D:1      | Kinoniko the Ogre Fighter began the quest for the Orb.
     0 | D:1      | Reached XP level 1. HP: 24/24 MP: 1/1
   228 | D:1      | Reached XP level 2. HP: 32/32 MP: 2/2
   543 | D:1      | You fall into a shaft and drop 1 floor!
   543 | D:2      | Found a broken altar of Ashenzari.
   549 | D:2      | Reached XP level 3. HP: 20/40 MP: 3/3
   565 | D:2      | HP: 2/40 [kobold (1)]
   569 | D:2      | Slain by a kobold

Illustrated notes

Levels and vault maps discovered:
D:1:      lightli_arrival_flooded_house, layout_basic, minmay_pentomino_q2
D:2:      layout_basic, overflow_temple_1_default, serial_curves,
          eino_curves_02, eino_curves_04

Skill      XL: |  1  2 |
---------------+-------+-----
Shields        | 3 |  3.1
Fighting       | |  4.4
Polearms       | |  2.5
Dodging        | |  2.6

Action                   || total
-------------------------++-------
Melee: Trident           ||    58
  Use: Potion            ||     1
Armor: Robe              ||    16
Dodge: Dodged            ||    23
Block: Kite shield       ||    25

Table legend: (Time is in decaauts)
 A = Elapsed time spent in this place.
 B = Non-inter-level travel time spent in this place.
 C = Inter-level travel time spent in this place.
 D = Time resting spent in this place.
 E = Time spent auto-exploring this place.
 F = Levels seen in this place.
 G = Mean time per level.
                   A        B        C        D        E       F      G
               +--------+--------+--------+--------+--------+-----+--------+
         Total |    584 |    584 |      0 |      0 |    477 |   2 |  292.0 |
       Dungeon |    584 |    584 |      0 |      0 |    477 |   2 |  292.0 |
               +--------+--------+--------+--------+--------+-----+--------+

Top non-repeatable levels by time:
     D:1: 551 daAuts
     D:2: 32 daAuts
